 Dungeon Crawl Stone Soup version 0.29.1-15-g9cfb28693d (webtiles) character file.

Game seed: 6774510504973822101

67 vishdafish the Conjurer (level 4, 30/30 HPs)
             Began as a Demonspawn Conjurer on Mar 29, 2023.
             Quit the game on level 2 of the Dungeon.
             The game lasted 00:01:31 (2005 turns).

vishdafish the Conjurer (Demonspawn Conjurer)       Turns: 2005, Time: 00:01:32

Health: 30/30      AC:  4    Str:  8    XL:     4   Next: 0%
Magic:  4/8        EV: 12    Int: 21    God:
Gold:   60         SH:  0    Dex: 11    Spells: 8/9 levels left

rFire   . . .      SeeInvis .   (no weapon)
rCold   . . .      Faith    .   (no shield)
rNeg    . . .      Spirit   .   a - +0 robe
rPois   .          Reflect  .   (no helmet)
rElec   .          Harm     .   (no cloak)
rCorr   .          Rampage  .   (no gloves)
Will    .....                   (no boots)
Stlth   ++........              (no amulet)
HPRegen 0.10/turn               (no ring)
MPRegen 0.11/turn               (no ring)

@: no status effects
A: yellow scales 1, foul stench 1
a: no special abilities


You were on level 2 of the Dungeon.
You visited 1 branch of the dungeon, and saw 2 of its levels.

You collected 86 gold pieces.
You spent 26 gold pieces at shops.

Inventory:

Missiles
 k - 3 curare-tipped darts
Armour
 a - a +0 robe (worn)
Jewellery
 m - a +6 ring of intelligence
Scrolls
 d - a scroll of summoning {unknown}
 f - a scroll of magic mapping {unknown}
 g - a scroll of fog {unknown}
 i - a scroll of vulnerability {unknown}
 j - a scroll of amnesia {unknown}
 l - a scroll of poison {unknown}
 n - a scroll of enchant armour {unknown}
 o - a scroll of noise {unknown}
 q - a scroll of identify {unknown}
Potions
 b - a potion of magic
 c - a potion of ambrosia {unknown}
 e - a potion of heal wounds {unknown}
 h - a potion of flight {unknown}
 p - a potion of cancellation {unknown}


   Skills:
 - Level 1.7 Dodging
 - Level 1.7 Stealth
 + Level 3.1 Spellcasting
 + Level 4.8 Conjurations


You had 8 spell levels left.
You knew the following spells:

 Your Spells              Type           Power      Damage    Failure   Level
a - Magic Dart            Conj           92%        1d7       1%          1

Your spell library contained the following spells:

 Spells                   Type           Power      Damage    Failure   Level
 Searing Ray              Conj           46%        2d6       2%          2
 Dazzling Flash           Conj/Hex       26%        N/A       14%         3
 Fulminant Prism          Conj/Hex       6%         3d7       43%         4
 Iskenderun's Mystic Bla  Conj/Tloc      13%        2d5       43%         4
 Anguish                  Hex/Necr       1%         N/A       78%         4
 Enfeeble                 Hex            1%         N/A       100%        7


Dungeon Overview and Level Annotations

Branches:
Dungeon (2/15)

Altars:

Shops:
D:2 *


Innate Abilities, Weirdness & Mutations

You are partially covered in yellow scales. (AC +2)
You may rarely emit foul miasma when damaged in melee.


Message History

The quokka is heavily wounded.
The quokka barely misses you.
The magic dart hits the quokka.
You kill the quokka!
You are out of magic!
You see here a quokka corpse.
You see here a quokka corpse.
q - a scroll labelled REMIET HOCIDDED You open the door.
There is an open door here.
You now have 60 gold pieces (gained 11).
A quokka comes into view.
Found 5 boomerangs.
A quokka is nearby!
A quokka is nearby!
A quokka is nearby!
The magic dart hits the quokka!
You kill the quokka!
You can't see any susceptible monsters within range! (Use Z to cast anyway.)
You can't see any susceptible monsters within range! (Use Z to cast anyway.)
You open the door. 2 ball pythons come into view.
The ball python hisses angrily.
The ball python moves out of view.
There is an open door here.
A ball python is nearby!
A ball python is nearby!
The magic dart hits the ball python.
The ball python is severely wounded.
You hear an angry hiss.
A frilled lizard comes into view.
The magic dart hits the ball python.
You kill the ball python!
The magic dart hits the ball python.
You kill the ball python!
You have reached level 4!
You feel stronger.
Your demonic ancestry asserts itself...
You begin to emit a foul stench of rot and decay.
A frilled lizard is nearby!
Are you sure you want to abandon this character and quit the game? (Confirm with "yes".)

#
#.......######...
########.........
########.......#
.................
########..####.#.
..............# †.
.........######l.#
...(.....##......#
.........##@####
...............#
...............#
######.........#
#.........#
###########


You could see a frilled lizard.

Vanquished Creatures
  2 adders (D:2)
  2 worms (D:2)
  A dart slug (D:2)
  An endoplasm (D:1)
  5 giant cockroaches
  2 goblins
  4 hobgoblins (D:1)
  2 kobolds (D:1)
  4 quokkas
  5 ball pythons
  4 bats
  3 frilled lizards (D:1)
  4 rats (D:1)
39 creatures vanquished.

Notes
Turn   | Place    | Note
-------+----------+-------------------------------------------
     0 | D:1      | vishdafish the Demonspawn Conjurer began the quest for the
                  | Orb.
     0 | D:1      | Reached XP level 1. HP: 13/13 MP: 3/3
   312 | D:1      | Found a faded altar of an unknown god.
   616 | D:1      | Gained mutation: You are partially covered in yellow
                  | scales. (AC +2) [demonic ancestry]
   616 | D:1      | Reached XP level 2. HP: 19/19 MP: 3/5
  1482 | D:2      | Found Ofim's Assorted Antiques.
  1499 | D:2      | Reached XP level 3. HP: 24/24 MP: 1/7
  1560 | D:2      | Bought a scroll labelled BATUIL UTERGHA for 26 gold pieces
  2004 | D:2      | Gained mutation: You may rarely emit foul miasma when
                  | damaged in melee. [demonic ancestry]
  2004 | D:2      | Reached XP level 4. HP: 30/30 MP: 4/8
  2005 | D:2      | Quit the game

Illustrated notes

Levels and vault maps discovered:
D:1:      dpeg_arrival_water_temple_mockup, layout_basic,
          shapermc_ecumenical_altar_totnotflames
D:2:      layout_basic, serial_shops, nicolae_shop_crystal

Skill      XL: |  1  2  3 |
---------------+----------+-----
Spellcasting   | 3 |  3.1
Dodging        | |  1.7
Stealth        | |  1.7
Conjurations   | |  4.8

Action                   |  1- 3 |  4- 6 || total
-------------------------+-------+-------++-------
Melee: Unarmed           |    32 |       ||    32
       Punch             |     2 |       ||     2
Throw: Dart              |     6 |       ||     6
 Cast: Magic Dart        |    73 |       ||    73
Armor: Robe              |    11 |       ||    11
Dodge: Dodged            |    27 |       ||    27
